 Dungeon Crawl Stone Soup version 0.18-a0-1539-g1c7284a (webtiles) character file.

12264 lorenzova the Covert (level 11, 0/47 HPs)
             Began as a Spriggan Enchanter on Mar 9, 2016.
             Was an Elder of Dithmenos.
             Killed from afar by Goblin1989's ghost (36 damage)
             ... with a fireball
             ... on level 1 of the Lair of Beasts.
             The game lasted 00:32:35 (12776 turns).

lorenzova the Covert (Spriggan Enchanter)          Turns: 12776, Time: 00:32:35

Health: 0/47       AC:  6    Str:  5    XL:     11   Next: 60%
Magic:  14/28      EV: 28    Int: 18    God:    Dithmenos [****..]
Gold:   848        SH:  0    Dex: 18    Spells: 4 memorised, 25 levels left

rFire  . . .     SeeInvis +     u - +3 dagger (drain)
rCold  . . .     Gourm    .     x - +1 robe {MR+}
rNeg   . . .     Faith    .     (shield restricted)
rPois  .         Spirit   .     (helmet restricted)
rElec  .         Dismiss  .     l - +0 cloak
rCorr  .         Reflect  .     (gloves unavailable)
SustAt .         Harm     .     (boots unavailable)
MR     ++...                    (no amulet)
Stlth  +++++++++.               w - +2 ring of protection
                                r - +2 ring of evasion

@: wreathed by umbra, very quick, very resistant to hostile enchantments,
incredibly stealthy
A: unfitting armour, see invisible, herbivore 3, speed 3, slow metabolism 2
a: Shadow Step, Renounce Religion


You were on level 1 of the Lair of Beasts.
You worshipped Dithmenos.
Dithmenos was greatly pleased with you.
You were not hungry.

You visited 3 branches of the dungeon, and saw 13 of its levels.

You collected 848 gold pieces.

Inventory:

Hand Weapons
 u - a +3 dagger of draining (weapon)
 G - a +1 dagger of speed
Armour
 l - a +0 cloak (worn)
 m - a +1 swamp dragon armour
 x - a +1 robe of magic resistance (worn)
Jewellery
 r - a +2 ring of evasion (left hand)
 w - a +2 ring of protection (right hand)
Wands
 b - a wand of lightning (8/15)
 o - a wand of enslavement (16/24)
 t - a wand of iceblast (5/15)
 y - a wand of polymorph (12/24)
 D - a wand of confusion (27/48)
Scrolls
 g - 3 scrolls of noise {unknown}
 s - a scroll of teleportation
 v - a scroll of fear {unknown}
 z - 4 scrolls of remove curse
 B - 2 scrolls of random uselessness {unknown}
 C - a scroll of blinking
 K - a scroll of amnesia {unknown}
 M - 2 scrolls of enchant armour
 N - 2 scrolls of recharging
Potions
 a - 3 potions of flight
 e - a potion of resistance
 h - 6 potions of curing
 i - a potion of heal wounds
 j - 3 potions of cancellation
 k - a potion of degeneration
 n - 3 potions of lignification
 p - a potion of brilliance
 q - 2 potions of magic
 A - a potion of haste
 F - a potion of might {unknown}
 H - a potion of ambrosia {unknown}
 I - a potion of invisibility {unknown}
Books
 c - a book of Maledictions

   Spells                             Type                      Level
   a - Corona                         Hexes                        1
   b - Ensorcelled Hibernation        Hexes/Ice                    2
   c - Confuse                        Hexes                        3
   d - Tukima's Dance                 Hexes                        3
   e - Dazzling Spray                 Conjuration/Hexes            3
 f - a Necronomicon

   Spells                             Type                      Level
   a - Haunt                          Necromancy/Summoning         7
   b - Borgnjor's Revivification      Necromancy                   8
   c - Death's Door                   Charms/Necromancy            8
   d - Necromutation                  Transmutation/Necromancy     8
Comestibles
 d - 8 bread rations
 E - 9 fruits
 J - a slice of pizza
 L - 10 royal jellies


   Skills:
 * Level 7.3 Short Blades
 * Level 9.4 Dodging
 + Level 13.0 Stealth
 - Level 12.1 Spellcasting
 - Level 12.0 Hexes


You had 25 spell levels left.
You knew the following spells:

 Your Spells              Type           Power        Failure   Level  Hunger
a - Corona                Hex            ######.      1%          1    None
b - Ensorcelled Hibernat  Hex/Ice        ####..       1%          2    None
c - Confuse               Hex            ######..     1%          3    None
d - Dazzling Spray        Conj/Hex       ####....     1%          3    None


Dungeon Overview and Level Annotations

Branches:
Dungeon (11/15)            Temple (1/1) D:5            Lair (1/8) D:8
    Orc (0/2) D:11

Altars:
Ashenzari
Cheibriados
Dithmenos
Elyvilon
Fedhas
Gozag
Kikubaaqudgha
Makhleb
Nemelex Xobeh
Okawaru
Pakellas
Qazlal
Ru
Sif Muna
Trog
Vehumet
Xom
Yredelemnul
Zin
The Shining One

Shops:
D:10 (

Annotations:
Lair:1 Goblin1989's ghost, novice DEFE


Innate Abilities, Weirdness & Mutations

You are tiny and cannot use many weapons and most armour.
You have supernaturally acute eyesight.
You are a herbivore.
You cover ground extremely quickly.
You need consume almost no food.


Message History

Goblin1989's ghost points at you and mumbles some strange words.
The puff of flame hits you!
Casting: Confuse
Confirm with . or Enter, or press ? or * to list all spells.
Aiming: Confuse
Press: ? - help, Shift-Dir - straight line, f/p - Goblin1989's ghost
Aim: Goblin1989's ghost (chance to defeat MR: 33%) Goblin1989's ghost easily resists.
Goblin1989's ghost gestures at you while chanting.
The puff of flame hits you!
Casting: Confuse
Confirm with . or Enter, or press ? or * to list all spells.
Aiming: Confuse
Press: ? - help, Shift-Dir - straight line, f/p - Goblin1989's ghost
Aim: Goblin1989's ghost (chance to defeat MR: 33%) Goblin1989's ghost easily resists.
Goblin1989's ghost casts a spell at you.
The fireball explodes!
The fireball engulfs you!
Ouch! That really hurt!
You die... .P.##....................... .............######......(.. .#.##.###...#..####.r#.....# ##.##..##..#.........P.>...> #..##.###...#..#.# #rPW#

##....##.#P.#.######<#.#
#.#....##....P##.P#.# #....#
###.##.##P.P.##.....# ##...# .
#.##.# #...##@#P### ....# #.
#.##.###...#..### #.r.# ..
#.##..##.#.#..# # ##..r# ...
##..#.##.....#.# #.#....##.#.
###..#..##....†..# #......#...#
.................# ####.......%.
####.....##.....W####.####...#.##
# ###...#..................#..#
#.####.......##.#######.# .#


You could see Goblin1989's ghost.

Vanquished Creatures
  Erica (D:10)
  A hill giant (D:10)
  A cyclops (D:11)
  A gargoyle (D:11)
  A komodo dragon (Lair:1)
  A troll (D:10)
  A two-headed ogre (D:11)
  The ghost of LairdHam the Grave Robber, an amateur DDNe (D:3)
  A slime creature (D:10)
  Sigmund (D:3)
  A vampire (D:11)
  15 yaks
  2 hungry ghosts (D:7)
  A hippogriff (D:8)
  5 wargs
  A porcupine (Lair:1)
  A black bear (D:10)
  5 orc warriors
  3 sky beasts
  A wasp (D:8)
  7 ice beasts
  3 ogres
  2 centaurs (D:8)
  2 crocodiles
  A big kobold (D:4)
  9 giant frogs
  3 scorpions
  10 killer bees
  7 wights
  7 howler monkeys
  5 crimson imps
  4 jellies
  2 giant frog zombies
  7 orc priests
  A giant frog skeleton (D:8)
  8 hounds
  Jessica (D:3)
  4 iguanas
  14 orc wizards
  13 worker ants
  2 sheep (D:11)
  2 hound skeletons
  3 worker ant zombies
  12 adders
  3 gnolls (D:6)
  3 river rats (Lair:1)
  2 shadow imps
  6 oozes
  2 adder zombies
  2 worms (D:2)
  3 dart slugs
  8 giant geckos
  49 orcs
  4 bats
  5 giant cockroaches
  6 goblins
  5 hobgoblins
  2 jackals (D:2)
  5 quokkas
  A ball python (D:2)
  2 giant gecko skeletons (D:5)
  5 giant newts
  23 kobolds
  8 rats
  A fungus (D:1)
  A plant (D:4)
320 creatures vanquished.

Vanquished Creatures (others)
  A fungus (Lair:1)
  A plant (D:4)
  4 toadstools (D:1)
6 creatures vanquished.

Grand Total: 326 creatures vanquished

Notes
Turn   | Place    | Note
--------------------------------------------------------------
     0 | D:1      | lorenzova the Spriggan Enchanter began the quest for the Orb.
     0 | D:1      | Reached XP level 1. HP: 9/9 MP: 5/5
   622 | D:1      | Reached XP level 2. HP: 13/13 MP: 7/7
   626 | D:1      | Learned a level 2 spell: Ensorcelled Hibernation
  1249 | D:2      | Reached XP level 3. HP: 16/16 MP: 9/9
  1254 | D:2      | Learned a level 3 spell: Confuse
  1555 | D:2      | Found a faded altar to an unknown god.
  1962 | D:3      | Reached skill level 5 in Stealth
  1962 | D:3      | Reached XP level 4. HP: 21/21 MP: 11/11
  1963 | D:3      | Reached skill level 5 in Hexes
  1982 | D:3      | Reached XP level 5. HP: 24/24 MP: 1/13
  2004 | D:3      | Noticed LairdHam's ghost (amateur DDNe)
  2222 | D:3      | Noticed Jessica
  2225 | D:3      | Killed Jessica
  2417 | D:3      | Killed LairdHam's ghost
  2417 | D:3      | Reached skill level 6 in Stealth
  2417 | D:3      | Reached skill level 5 in Spellcasting
  2417 | D:3      | Reached XP level 6. HP: 28/28 MP: 8/15
  2498 | D:3      | Noticed Sigmund
  2509 | D:3      | Killed Sigmund
  2509 | D:3      | Reached XP level 7. HP: 27/32 MP: 10/17
  3617 | D:4      | Reached skill level 7 in Stealth
  4114 | D:4      | Found a shimmering altar of Xom.
  4115 | D:4      | Found a sparkling altar of Nemelex Xobeh.
  4923 | D:5      | Entered Level 5 of the Dungeon
  4965 | D:5      | Reached XP level 8. HP: 34/36 MP: 20/20
  5365 | D:5      | Found a staircase to the Ecumenical Temple.
  5377 | Temple   | Entered the Ecumenical Temple
  5503 | Temple   | Became a worshipper of Dithmenos the Shadowed
  5561 | D:5      | Reached skill level 8 in Stealth
  6423 | D:6      | Reached * piety under Dithmenos
  6423 | D:6      | Reached XP level 9. HP: 39/39 MP: 20/23
  6532 | D:6      | Reached skill level 9 in Stealth
  6874 | D:6      | Reached skill level 10 in Hexes
  6885 | D:6      | Reached skill level 10 in Spellcasting
  7976 | D:7      | Reached skill level 10 in Stealth
  8343 | D:7      | Reached ** piety under Dithmenos
  8700 | D:8      | Reached XP level 10. HP: 44/44 MP: 26/26
  8799 | D:8      | Found a staircase to the Lair.
  9483 | D:8      | Reached skill level 11 in Stealth
  9740 | D:9      | Reached *** piety under Dithmenos
 10146 | D:10     | Entered Level 10 of the Dungeon
 10423 | D:10     | Found Foneky's Antique Weapon Shop.
 10470 | D:10     | Noticed Erica
 10496 | D:10     | Killed Erica
 10496 | D:10     | Reached skill level 5 in Dodging
 10685 | D:10     | Reached XP level 11. HP: 47/47 MP: 28/28
 10776 | D:10     | Noticed a hill giant
 10779 | D:10     | Killed a hill giant
 10779 | D:10     | Reached skill level 5 in Short Blades
 10779 | D:10     | Reached skill level 12 in Stealth
 11066 | Lair:1   | Entered Level 1 of the Lair of Beasts
 11068 | Lair:1   | Noticed Goblin1989's ghost (novice DEFE)
 11286 | D:11     | Reached **** piety under Dithmenos
 11322 | D:11     | Found a staircase to the Orcish Mines.
 11757 | D:11     | Learned a level 3 spell: Dazzling Spray
 12657 | Lair:1   | Reached skill level 13 in Stealth
 12776 | Lair:1   | Killed from afar by Goblin1989's ghost

Vault maps used:
D:1:      ldierk_walled_garden_2, fountainhead, minmay_misc_feat_hallway,
          minivault_4, minmay_gold_behind_fungi, grunt_decor_fettered
D:2:      ecumenical_altar_2
D:3:      uniq_sigmund, uniq_jessica
D:4:      kennysheep_kobold_camp, gammafunk_temple_overflow_pools
D:5:      minmay_temple_entry_glass, first_bread
D:8:      erik_lair_orcish_takeover
D:10:     serial_shops, shop, hangedman_little_slice_of_home,
          hangedman_corner_corridor, uniq_erica
D:11:     minmay_orc_entry_guard_dogs, serial_co_window_serial,
          co_window_paths_a, co_window_paths_b, co_window_paths_a,
          co_window_paths_a, co_window_paths_a, co_window_corner_a,
          co_window_broadway_a, co_window_cross_2, co_window_unsneaky_path_b,
          co_window_paths_e, glass_columns_c, glass_columns_a, glass_columns_b,
          glass_columns_a, glass_columns_c
Temple:   kilobyte_greek_temple_18
Lair:1:   lemuel_fruit_tree

Skill      XL: |  1  2  3  4  5  6  7  8  9 10 11 |
---------------+----------------------------------+-----
Spellcasting   | 3 4 5 6 7 9 11 12 | 12.1
Hexes          | 4 5 6 7 9 11 12 | 12.0
Stealth        | 5 6 7 8 10 11 13 | 13.0
Short Blades   | 4 7 |  7.3
Dodging        | 6 9 |  9.4

Action                   |  1- 3 |  4- 6 |  7- 9 | 10-12 || total
-------------------------+-------+-------+-------+-------++-------
Melee: Dagger            |   179 |    32 |   492 |   406 ||  1109
 Cast: Corona            |     4 |       |       |       ||     4
       Ensorcelled Hiber |     7 |     3 |    68 |    33 ||   111
       Confuse           |       |     7 |    49 |    55 ||   111
  Use: Scroll            |     2 |       |    14 |     6 ||    22
 Stab: Sleeping          |    13 |     6 |    65 |    72 ||   156
       Confused          |       |     4 |    30 |    32 ||    66
       Distracted        |       |       |     1 |     4 ||     5
  Eat: Fruit             |       |       |     3 |       ||     3
       Pizza             |       |       |     2 |       ||     2
       Bread ration      |       |       |     1 |       ||     1
